Cogmind - Beta 12 @@@ ROGUE MODE // 2023.04.01 @ 15:50:32 Player: Infomantis Result: Destroyed by as-56454 with Assembled Blade Performance ------------- Evolutions (2) 1000 Regions Visited (6) 1200 Robots Destroyed (44) 220 Value Destroyed (1049) 1049 Prototype IDs (24) 480 Alien Tech Used (0) 0 Bonus (500) 500 TOTAL SCORE: 4449 Bonus ------- Entered Garrisons 200 Aligned with FarCom 300 Cogmind --------- Core Integrity 0/550 Matter 104/300 Energy 95/100 System Corruption 13% Temperature Cool (0) Movement Core (50) Location -8/Garrison Parts ------- > --- POWER (1) -------- (None) > --- PROPULSION (3) --- (None) > --- UTILITY (4) ------ (None) > --- WEAPON (3) ------- (None) > --- INVENTORY (5) ---- Light Treads Flexi-carbon Leg Armored Wheel 0b10 Alert Chip Missile Launcher Peak State ------------ > --- POWER ------------ Ion Engine > --- PROPULSION ------- Light Treads Light Treads Advanced Treads > --- UTILITY ---------- Large Storage Unit Machine Analyzer Hardened Medium Armor Plating Hacking Suite > --- WEAPON ----------- Enhanced Autogun Enhanced Autogun Enhanced Autogun > --- INVENTORY -------- Light Fission Core Light Fission Core Flexi-carbon Leg Flexi-carbon Leg Armored Wheel Armored Wheel Armored Wheel Experimental Sensor Array Seismic Detector Modified TNC 0b10 Alert Chip Hardened Medium Armor Plating Missile Launcher Datajack Longsword +1 [Rating: 34] Favorites ----------- Power Ion Engine Engine Ion Engine Propulsion Light Treads Treads Light Treads Wheel Wheel Utility Large Storage Unit Device Seismic Detector Storage Large Storage Unit Processor Machine Analyzer Hackware Hacking Suite Protection Hardened Medium Armor Plating Weapon Shotgun Energy Gun Medium Laser Ballistic Gun Shotgun Launcher Rocket Launcher Build | -11 -10 -10 -10 -9 -8 -8 ------- Run | Jun Mat Min Exi Min Mat Gar Slots Evolved 4 | . . . . . 4 . Power . | . . . . . . . Propulsion 1 | . . . . . 1 . Utility 2 | . . . . . 2 . Weapon 1 | . . . . . 1 . Parts Attached 46 | 8 8 2 2 . 17 9 Power 5 | 1 2 . . . 1 1 Engine 5 | 1 2 . . . 1 1 Core . | . . . . . . . Reactor . | . . . . . . . Propulsion 14 | 2 2 1 2 . 5 2 Treads 7 | 2 . . 2 . 3 . Leg . | . . . . . . . Wheel 7 | . 2 1 . . 2 2 Hover . | . . . . . . . Flight . | . . . . . . . Utility 14 | 2 1 1 . . 6 4 Device 4 | 1 1 . . . . 2 Storage 2 | 1 . 1 . . . . Processor 1 | . . . . . 1 . Hackware 1 | . . . . . 1 . Protection 6 | . . . . . 4 2 Artifact . | . . . . . . . Weapon 13 | 3 3 . . . 5 2 Energy Gun 2 | 2 . . . . . . Energy Cannon . | . . . . . . . Ballistic Gun 8 | 1 3 . . . 3 1 Ballistic Cannon . | . . . . . . . Launcher 3 | . . . . . 2 1 Special Weapon . | . . . . . . . Impact Weapon . | . . . . . . . Slashing Weapon . | . . . . . . . Piercing Weapon . | . . . . . . . Special Melee Weapon . | . . . . . . . Unidentified Prototypes 1 | . . . . . 1 . Parts Lost 14 | . 1 . . . 2 11 Power 2 | . . . . . 1 1 Propulsion 6 | . 1 . . . . 5 Utility 3 | . . . . . . 3 Weapon 3 | . . . . . 1 2 Highest Loss Streak 11 | . 1 . . . 1 11 To Critical Strikes . | . . . . . . . Average Slot Usage (%) 98 | . 99 100 100 100 96 89 Engine 12 | . 14 14 14 14 8 6 Treads 20 | . 20 14 17 28 20 20 Wheel 7 | . 7 14 10 . 6 3 Device 10 | . 14 14 14 14 . 7 Storage 12 | . 14 14 14 14 9 9 Processor 2 | . . . . . 9 . Hackware 2 | . . . . . 8 9 Protection 2 | . . . . . 8 7 Energy Gun 1 | . 7 . . . . . Ballistic Gun 25 | . 20 28 28 28 22 23 Naked Turns 1 | . . . . . . 1 Heaviest Build 45 | 12 17 32 32 32 42 45 Greatest Support 62 | 40 40 16 40 40 62 62 Greatest Overweight (x) 6 | . 1 3 3 . 3 6 Average Overweight (x) 1 | . . 2 1 . . . Largest Inventory Capacity 15 | 8 8 15 15 15 15 15 Average Capacity 13 | 7 8 14 15 15 15 14 Most Carried 15 | 7 8 15 15 15 15 15 Average Carried 13 | 5 7 13 14 14 14 13 Final Capacity 15 | 8 8 15 15 15 15 5 Final Carried 15 | 7 8 15 15 15 15 5 Class Distribution -------------------- 79% | Mutant 20% | Skirmisher Dominant Class ---------------- Mutant | -10/Materials Mutant | -10/Mines Mutant | -10/Exiles Mutant | -9/Mines Skirmisher | -8/Materials Skirmisher | -8/Garrison Resources | -11 -10 -10 -10 -9 -8 -8 ----------- Run | Jun Mat Min Exi Min Mat Gar Matter Collected 1182 | 261 232 44 . 20 487 138 Remotely . | . . . . . . . Salvage Created 1632 | 222 553 19 . . 728 110 Parts 101 | 15 32 2 . . 48 4 Haulers Intercepted . | . . . . . . . Recyclers Shooed 1 | . 1 . . . . . Parts Field Recycled . | . . . . . . . Retrieved Matter . | . . . . . . . Parts Self-Destructed . | . . . . . . . Prevented . | . . . . . . . Kills | -11 -10 -10 -10 -9 -8 -8 ------- Run | Jun Mat Min Exi Min Mat Gar Combat Hostiles Destroyed 38 | . 12 . . . 15 11 Guns 30 | . 12 . . . 15 3 AOE 8 | . . . . . . 8 Classes Destroyed 11 | 3 5 . . . 2 1 Worker 2 | 1 . 1 . . . . Builder 2 | . 1 . . . 1 . Tunneler 6 | 6 . . . . . . Recycler 3 | 1 2 . . . . . Mechanic 1 | . 1 . . . . . Operator 2 | . 2 . . . . . Swarmer 8 | . 6 . . . 2 . Grunt 10 | . 6 . . . 4 . Sentry 9 | . . . . . 8 1 Hunter 1 | . . . . . 1 . Assembled 10 | . . . . . . 10 Best Kill Streak 10 | 5 5 1 . . 4 10 Combat Bots Only 10 | . 3 . . . 4 10 Max Kills in Single Turn 3 | 1 2 1 . . 2 3 Gunslinging 1 | . 1 . . . . . Exploded 3 | . . . . . . 3 Melee . | . . . . . . . Uniques/NPCs Destroyed . | . . . . . . . Combat | -11 -10 -10 -10 -9 -8 -8 -------- Run | Jun Mat Min Exi Min Mat Gar Damage Taken 3054 | . 463 . . . 809 1782 Core 644 | . 83 . . . 76 485 Absorbed by Shields 66 | . . . . . . 66 Core Remaining (%) 83 | 100 . . . 66 . . Volleys Fired 132 | 25 52 1 . . 37 17 Largest 3 | 2 2 2 . . 3 3 Hottest 79 | 70 70 46 . . 79 75 Shots Fired 301 | 49 103 2 . . 106 41 Gun 295 | 49 103 2 . . 105 36 Cannon . | . . . . . . . Launcher 6 | . . . . . 1 5 Special . | . . . . . . . Kinetic 231 | 25 63 2 . . 105 36 Thermal 64 | 24 40 . . . . . Explosive 6 | . . . . . 1 5 Electromagnetic . | . . . . . . . Robot Hit Streak 13 | 7 13 2 . . 9 4 Robot Miss Streak 4 | 4 4 2 . . 2 3 Penetration Max . | . . . . . . . Secondary Targets 6 | . 3 . . . 2 1 Max Gunslinging Chain 1 | . 1 . . . 1 1 Shots Hit Robots 181 | 28 67 2 . . 69 15 Core Hits 87 | 11 30 1 . . 31 14 Critical Kills . | . . . . . . . Critical Parts Destroyed . | . . . . . . . Critical Strikes 3 | 1 2 . . . . . Burn 3 | 1 2 . . . . . Melee Attacks . | . . . . . . . Impact . | . . . . . . . Slashing . | . . . . . . . Piercing . | . . . . . . . Sneak Attacks . | . . . . . . . Combat Hostiles . | . . . . . . . Follow-up Attacks . | . . . . . . . Damage Inflicted 2996 | 272 759 10 . . 1230 725 Guns 2497 | 272 759 10 . . 1210 246 Cannons . | . . . . . . . Explosions 484 | . . . . . 5 479 Melee . | . . . . . . . Ramming 15 | . . . . . 15 . Kinetic 1992 | 119 407 10 . . 1210 246 Thermal 505 | 153 352 . . . . . Explosive 484 | . . . . . 5 479 Electromagnetic . | . . . . . . . Impact . | . . . . . . . Slashing . | . . . . . . . Piercing . | . . . . . . . Highest Corruption 13 | . . . . . . 13 Average Corruption 9 | . . . . . . 9 Corruption Purged . | . . . . . . . Corruption Blocked . | . . . . . . . Effects 1 | . . . . . . 1 Matter Fused 1 | . . . . . . 1 Overload Shots . | . . . . . . . Overflow Damage 58 | . . . . . . 58 Projectiles . | . . . . . . . Explosions 58 | . . . . . . 58 Melee . | . . . . . . . Knockbacks . | . . . . . . . Impact . | . . . . . . . Kinetic . | . . . . . . . Secondary . | . . . . . . . Self-Inflicted Damage 123 | . . . . . 26 97 Shots 4 | . . . . . 1 3 Rammed 5 | . . . . . 5 . Targets Rammed 5 | . . . . . 5 . Kicked . | . . . . . . . Crushed . | . . . . . . . Highest Temperature 340 | 130 196 . . . 340 73 Average Temperature 77 | 39 74 . . . 118 26 Received Heat Transfer 553 | . 162 . . . 342 49 Siege Activations . | . . . . . . . Robots Corrupted . | . . . . . . . Combat Hostiles . | . . . . . . . Parts Fried . | . . . . . . . Impact Corruptions . | . . . . . . . Robots Melted . | . . . . . . . Combat Hostiles . | . . . . . . . Parts Melted . | . . . . . . . Heat Transferred 1702 | 518 1184 . . . . . Parts Sabotaged . | . . . . . . . Parts Stolen . | . . . . . . . Parts Stripped . | . . . . . . . Power Chain Reactions . | . . . . . . . Missiles Intercepted . | . . . . . . . Alert | -11 -10 -10 -10 -9 -8 -8 ------- Run | Jun Mat Min Exi Min Mat Gar Peak Influence 355 | 40 243 79 . . 347 355 Initial 196 | . 26 74 . . . 196 Average 84 | 20 133 58 . . 97 288 Maximum Alert Level 1 | . 1 . . . 1 1 Low Security (%) 82 | 100 75 100 . 100 75 8 Level 1 17 | . 24 . . . 24 91 Level 2 . | . . . . . . . Level 3 . | . . . . . . . Level 4 . | . . . . . . . Level 5 . | . . . . . . . High Security . | . . . . . . . Max Security . | . . . . . . . Squads Dispatched 13 | . 4 1 . . 8 . Investigation 6 | . 2 1 . . 3 . Extermination . | . . . . . . . Reinforcement 4 | . 2 . . . 2 . Assault . | . . . . . . . Garrison 3 | . . . . . 3 . Intercept . | . . . . . . . Searches Triggered . | . . . . . . . Construction Impeded . | . . . . . . . Haulers Reinforced . | . . . . . . . Active Scanning Responses . | . . . . . . . Cargo Convoy Interrupts . | . . . . . . . Stealth | -11 -10 -10 -10 -9 -8 -8 --------- Run | Jun Mat Min Exi Min Mat Gar Distress Signals 10 | . 4 . . . 6 . Communications Jammed . | . . . . . . . Distress Signals . | . . . . . . . Times Spotted 82 | . 25 . . . 28 29 Peak Tracking Total 13 | . 5 . . . 7 13 Tactical Retreats . | . . . . . . . Traps | -11 -10 -10 -10 -9 -8 -8 ------- Run | Jun Mat Min Exi Min Mat Gar Traps Triggered 7 | . 2 . . . 4 1 Indirectly . | . . . . . . . Trap Hack Attempts . | . . . . . . . Triggered . | . . . . . . . Disarmed . | . . . . . . . Reprogrammed . | . . . . . . . Reused . | . . . . . . . Traps Extracted . | . . . . . . . Installed . | . . . . . . . Triggered . | . . . . . . . Exploded 2 | . . . . . . 2 Machines | -11 -10 -10 -10 -9 -8 -8 ---------- Run | Jun Mat Min Exi Min Mat Gar Machines Disabled . | . . . . . . . Max in Single Turn . | . . . . . . . Machines Repaired . | . . . . . . . Machines Sabotaged . | . . . . . . . Overloaded Fab Kills . | . . . . . . . Hacking | -11 -10 -10 -10 -9 -8 -8 --------- Run | Jun Mat Min Exi Min Mat Gar Machines Accessed 14 | . 4 1 2 . 7 . Terminals 7 | . 3 . . . 4 . Fabricators . | . . . . . . . Repair Stations . | . . . . . . . Recycling Units 3 | . 1 . . . 2 . Scanalyzers . | . . . . . . . Garrison Access 1 | . . . . . 1 . Total Hacks 26 | . 8 1 2 . 15 . Successful 15 | . 4 1 2 . 8 . Failed 11 | . 4 . . . 7 . Catastrophic 2 | . 1 . . . 1 . Database Lockouts . | . . . . . . . Manual 10 | . 2 . 1 . 7 . Terminals 19 | . 7 . . . 12 . Fabricators . | . . . . . . . Repair Stations . | . . . . . . . Recycling Units 3 | . 1 . . . 2 . Scanalyzers . | . . . . . . . Garrison Access 1 | . . . . . 1 . Terminal Hacks 10 | . 3 1 2 . 4 . Record 1 | . . . 1 . . . Part Schematic 1 | . 1 . . . . . Open Door 1 | . . 1 . . . . Branch Access Points 1 | . 1 . . . . . Alert Level 1 | . . . . . 1 . Dispatch Records 1 | . 1 . . . . . Hauler Manifests 1 | . . . . . 1 . Zone Layout 2 | . . . . . 2 . EX-Prototype ID Bank 1 | . . . 1 . . . Fabricator Hacks . | . . . . . . . Repair Station Hacks . | . . . . . . . Recycling Unit Hacks . | . . . . . . . Scanalyzer . | . . . . . . . Garrison Access Hacks 1 | . . . . . 1 . Unlock Access 1 | . . . . . 1 . Unauthorized Hacks 4 | . 1 . . . 3 . Terminals 1 | . . . . . 1 . Botnet 1 | . . . . . 1 . Fabricators . | . . . . . . . Repair Stations . | . . . . . . . Recycling Units 3 | . 1 . . . 2 . Tunnel 3 | . 1 . . . 2 . Scanalyzers . | . . . . . . . Garrison Access . | . . . . . . . Data Cores Recovered . | . . . . . . . Used . | . . . . . . . Hacking Detections 8 | . 3 . . . 5 . Full Trace Events . | . . . . . . . Feedback Events . | . . . . . . . Feedback Blocked . | . . . . . . . Robot Schematics Acquired . | . . . . . . . Robots Built . | . . . . . . . Authchips . | . . . . . . . Time . | . . . . . . . Total Robot Build Rating . | . . . . . . . Part Schematics Acquired 1 | . 1 . . . . . Parts Built . | . . . . . . . Authchips . | . . . . . . . Time . | . . . . . . . Total Part Build Rating . | . . . . . . . Parts Repaired . | . . . . . . . Time . | . . . . . . . Parts Recycled . | . . . . . . . Recycled Matter . | . . . . . . . Retrieved Matter . | . . . . . . . Retrieved Components . | . . . . . . . Parts Scanalyzed . | . . . . . . . Part Schematics Acquired . | . . . . . . . Parts Damaged . | . . . . . . . Bothacking | -11 -10 -10 -10 -9 -8 -8 ------------ Run | Jun Mat Min Exi Min Mat Gar Used RIF Installer . | . . . . . . . Robots Hacked . | . . . . . . . Non-combat . | . . . . . . . Combat . | . . . . . . . Robot Hacks Applied . | . . . . . . . Relay Couplers Released . | . . . . . . . Fabnet Peak Effective % . | . . . . . . . Robots Rewired . | . . . . . . . Allies Hacked . | . . . . . . . Hacks Repelled . | . . . . . . . Allies | -11 -10 -10 -10 -9 -8 -8 -------- Run | Jun Mat Min Exi Min Mat Gar Total Allies . | . . . . . . . Largest Group . | . . . . . . . Highest-Rated Group . | . . . . . . . Highest-Rated Ally . | . . . . . . . Total Orders . | . . . . . . . Ally Attacks . | . . . . . . . Total Damage . | . . . . . . . Kills . | . . . . . . . Allies Corrupted . | . . . . . . . Allies Melted . | . . . . . . . Intel | -11 -10 -10 -10 -9 -8 -8 ------- Run | Jun Mat Min Exi Min Mat Gar Robot Analysis Total . | . . . . . . . Derelict Logs Recovered 2 | . . 1 . 1 . . Drone Launches . | . . . . . . . Drone Recoveries . | . . . . . . . Exploration | -11 -10 -10 -10 -9 -8 -8 ------------- Run | Jun Mat Min Exi Min Mat Gar Turns Passed 4141 | 266 649 535 880 680 913 218 Spaces Moved 2477 | 113 365 407 577 425 472 118 Core 2 | 2 . . . . . . Treads 1259 | 111 120 . 227 425 300 76 Legs . | . . . . . . . Wheels 1216 | . 245 407 350 . 172 42 Hover . | . . . . . . . Flight . | . . . . . . . Fastest Speed 50 | 50 95 115 125 160 105 90 Average Speed 141 | 158 127 124 150 160 138 135 Slowest Speed 240 | 160 160 125 240 160 160 155 Overloaded Moves . | . . . . . . . Propulsion Burnouts . | . . . . . . . Robots Hopped . | . . . . . . . Cave-ins Triggered . | . . . . . . . Exploration Rate (%) 58 | 6 56 79 91 91 55 28 Regions Visited 6 Branch Regions 3 Pre-discovered Areas 4 | . 1 . 1 . 2 . Known Exits Taken 2 | . 1 . . . 1 . Unknown Exits Taken 4 | 1 . 1 1 1 . . Scrap Searched 5 | . . 3 . 2 . . Spaces Dug 46 | . . . . . . 46 Terrain Destroyed 55 | . . . . . 9 46 Melee . | . . . . . . . Projectile . | . . . . . . . AOE 55 | . . . . . 9 46 Terrain Rammed . | . . . . . . . Walls Destroyed . | . . . . . . . Machines Disabled . | . . . . . . . Actions | -11 -10 -10 -10 -9 -8 -8 --------- Run | Jun Mat Min Exi Min Mat Gar Total 2910 | 153 458 440 588 426 687 158 Wait 168 | 1 15 12 . . 138 2 Move 2472 | 112 364 406 576 424 472 118 Hop . | . . . . . . . Pick Up 42 | 7 8 12 5 1 7 2 Fast Attach 18 | 7 2 . . . 8 1 Attach 6 | . . . . . 4 2 Detach 1 | . . . . . 1 . Swap 22 | 1 6 2 2 . 5 6 Drop 40 | . 11 7 5 1 10 6 Fire 132 | 25 52 1 . . 37 17 Melee . | . . . . . . . Ram . | . . . . . . . Kick . | . . . . . . . Crush 5 | . . . . . 5 . Escape Stasis 4 | . . . . . . 4 Rewire . | . . . . . . . Trap . | . . . . . . . Miscellaneous . | . . . . . . . Route ------- -11/Junkyard -10/Materials (discovered 3 exits: [*Mat] / *Min x2) -10/Mines (discovered 2 exits: [*Mat] / *Exi) -10/Exiles (discovered 2 exits: [*Min x2]) -9/Mines (discovered 2 exits: *Mat x2) -8/Materials (discovered 4 exits: Fac x2 / [*Sto] / Gar) -8/Garrison History --------- Turn | Location | Event 6 | -11/Junkyard | Discovered new exit (range 15) 267 | -11/Junkyard | Entered Materials 305 | -10/Materials | Build established: Mutant 661 | -10/Materials | Identified exit to Mines 670 | -10/Materials | Discovered new exit (range 10) 916 | -10/Materials | Entered Mines 965 | -10/Mines | Assembled infested the area 970 | -10/Mines | Assisted by a Guerilla fighting off Assembled 1020 | -10/Mines | Learned location of 1 exit from Materials 1042 | -10/Mines | Met a Derelict shopkeep closing up shop 1093 | -10/Mines | Received a Rocket Launcher from a helpful Derelict 1097 | -10/Mines | Discovered new exit (range 14) 1364 | -10/Mines | Found a damaged Exp. Sensor Array with a note attached 1369 | -10/Mines | Found Prototype Device 1445 | -10/Mines | Deemed a non-threat by the Exiles lab entrance 1445 | -10/Mines | Discovered new exit (range 5) 1451 | -10/Mines | Entered Exiles 1468 | -10/Exiles | Discovered new exit (range 15) 1508 | -10/Exiles | Met 8R-AWN 1528 | -10/Exiles | Met EX-HEX 1610 | -10/Exiles | Met EX-DEC 1631 | -10/Exiles | Visited The Gauntlet 1783 | -10/Exiles | Learned location of Zion (-7) 1805 | -10/Exiles | Met EX-BIN 1823 | -10/Exiles | Aligned with FarCom system 1824 | -10/Exiles | Given EX-Vault access code 1865 | -10/Exiles | Opened EX-Vault 1878 | -10/Exiles | Found Longsword +1 1885 | -10/Exiles | Found Modified TNC 1894 | -10/Exiles | Found 0b10 Alert Chip 1948 | -10/Exiles | Warned to stay clear of 0b10 Research branches 2313 | -10/Exiles | Discovered new exit (range 14) 2331 | -10/Exiles | Stole three prototypes: Modified TNC, 0b10 Alert Chip, Longsword +1 2331 | -10/Exiles | Entered Mines 2363 | -9/Mines | Learned Materials emergency access door positions 2551 | -9/Mines | Discovered new exit (range 6) 2819 | -9/Mines | Found a hidden stash of uninstalled traps 2933 | -9/Mines | Discovered new exit (range 14) 3011 | -9/Mines | Entered Materials 3011 | -8/Materials | Evolved 4 slots: Propulsion x1, Utility x2, Weapon x1 3012 | -8/Materials | Identified exit to Factory 3332 | -8/Materials | Discovered new exit (range 12) 3332 | -8/Materials | Discovered exit to Factory (range 8) 3653 | -8/Materials | Garrison activated, responded to threat 3779 | -8/Materials | Build established: Skirmisher 3924 | -8/Materials | Identified exit to Garrison 3924 | -8/Materials | Entered Garrison 3989 | -8/Garrison | Assembled breached garrison interior 4077 | -8/Garrison | Destroyed 10 combat bots 4122 | -8/Garrison | Core integrity fell below 50% 4140 | -8/Garrison | Core integrity fell below 20% 4142 | -8/Garrison | System corruption reached 10% 4142 | -8/Garrison | Destroyed by as-56454 with Assembled Blade Last Messages --------------- 04137_ as-44450 destroyed. 04137_ Triggered Stasis Trap. 04137_ A bubble of rippling energy engulfs the area. 04137_ Field strength at 90. 04138_ as-02326 triggered Stasis Trap. 04138_ A bubble of rippling energy engulfs the area. 04138_ Field strength at 93. 04138_ Arm. Wheel destroyed. 04138_ Field strength at 73. 04139_ Field strength at 54. 04140_ Field strength at 29. 04141_ Hacking Suite destroyed. 04141_ System corrupted by crushing effect (+4). 04141_ Dropped Lrg. Storage Unit. 04142_ as-38280 triggered Stasis Trap. 04142_ A bubble of rippling energy engulfs the area. 04142_ Field strength at 93. 04142_ Field strength at 3. 04142_ Stasis field depleted. 04142_ Field strength at 86. Map ----- +----------------------------------------------------+ | ?????????????????????????????????????????????????? | | ?????????????????????????????????????????????????? | | ?????????????????????????????????????????????????? | | ?????????????????????????????????????????????????? | | ?????????????????????????????????????????????????? | | ?????????????????????????????????????????????????? | | ?????????????????????????????????????????????????? | | ?????????????????????????????????????????????????? | | ?????????????????????????????????????????????????? | | ?????????????????????????????????????????????????? | | ?????????????????????????????????????????????????? | | ?????????????????????????????????????????????????? | | ??????????????????????????Y??????????????????????? | | ??????????????????????????Y??????????????????????? | | ?????????????????????????????????????????????????? | | ?????????????????????????????????????????????????? | | ?????????????????????????????????????????????????? | | ?????????????????????????????C???????????????????? | | ???????????????????????####??????????????????????? | | ???????????????????????# ??????????????????????? | | ???????????????????????# ??????????????????????? | | ???????????????????????# #??????????????????????? | | ???????????????????????# T??????????????????????? | | ???????????????????????# #??????????????????????? | | ?????????????????#######!/#####################??? | | ?????????? /@a a a #??? | | ?????????? !aa a a a #??? | | ?????????? =a % a a #??? | | ???????????################################ #??? | | ??????????????????????????????????????????# #??? | | ??????????????????????????????????????????# #??? | | ??????????????????????????????????????????#= #??? | | ??????????????????????????????????????????# #??# | | ??????????????????????????????????????????#= #? | | ??????????????????????????????????????????#%= ## | | ??????????????????????????????????????????#* | | ??????????????????????????????????????????# =% # | | ??????????????????????????????????????????# [ | | ??????????????????????????????????????????# ## | | ????????????????????????????????????????### ## | | ???????????????????????????????????###### [ | | ?????????????????????????????????### ## # | | ????????????????????????????????## # # % | | ???????????????????????????????## #[ | | ???????????????????????????????# # ### ## | | ??????????????????????????####### # ## ## | | ??????????????????????????# % % | | ??????????????????????????####### % % | | ??????????????????????????????# = | | ??????????????????????????????### " ## ##=%## ! | +----------------------------------------------------+ Best States ------------- Heat Dissipation 41 Energy Generation 12 Energy Capacity 265 Matter Stores 300 Matter Capacity 300 Sight Range 16 Terrain Scan Density 10 Armor Coverage 225 Evasion (%) 42 Recoil Reduction 3 Offensive Hacking 10 Item Schematics ----------------- Hcp. Storage Unit | -10/Materials | Hacked Robot Schematics ------------------ None Fabricated ------------ Nothing Alien Tech Used ----------------- None Achievements -------------- None Challenges ------------ None Game ------ Seed NovaNuclearDesublimator Manual? 0 Play Time 00:33:01 Cumulative 338.1 hours Start 2023.04.01 @ 15:05:48 End 2023.04.01 @ 15:50:32 Sessions 1 Manual Loads 0 Difficulty Rogue Special Mode None Game No. 219 Rogue 196 Adventurer 6 Explorer 17 Win Type - Total 25 Types 17/0/4/1/0/1/1/1/0 Lore% 95 Gallery% 95 Achievement% 78 Wizard Run 0 Options --------- ASCII 0 Keyboard 0 Movement Numpad Keybinds 0 Fullscreen 1 Font 12/Fuzzy Map View 83x54 Tactical HUD 1 Map Filters NONE Filters NONE Steam 1 RUN: ffec2d84-1ec1-4f61-a19a-ef0c25a1bc48